AoeStats
← TripleT

Arena

507714545Analyzed
3v3 RM · 12d ago on Sep 19, 2026· 59m 15s· 6 players
Game mode
Random Map
Map size
Normal (6 player)
Population
200
Speed
Normal
Resources
Standard
Victory
Conquest
Starting age
Dark Age
Ending age
Imperial Age
RankedLock teamsTeams togetherTeam positionsShared explorationLock speedFull tech treeHidden civsTurbo modeCheats
Victory
Defeat
🇮🇳 Saracens · India
905
+17
🇹🇷 Byzantines · Türkiye
729
+23
🇹🇷 Franks · Türkiye
701
+24
🇨🇳 Wei · China
972
-23
🇩🇪 Poles · Germany
885
-21
🇨🇳 Chinese · China
855
-20
Ajek Pengu
10:58 Feudal Age
13:34 Wheelbarrow
15:02 Castle Age
18:24 Wheelbarrow
17:57 Double-Bit Axe
21:23 Horse Collar
23:07 Heavy Plow
23:20 Bow Saw
23:24 Forging
24:16 Pikeman
25:58 Town Watch
25:59 Loom
26:57 Hand Cart
27:15 Town Patrol
29:19 Ballistics
29:00 Murder Holes
29:10 Caravan
30:18 Elite Skirmisher
31:04 Thumb Ring
31:19 Fortified Wall
31:17 Szlachta Privileges
32:30 Stone Mining
36:07 Imperial Age
34:22 Scale Barding Armor
34:52 Iron Casting
34:18 Scale Mail Armor
35:52 Bloodlines
35:47 Light Cavalry
38:33 Winged Hussar
39:35 Lechitic Legacy
39:01 Treadmill Crane
40:53 Husbandry
41:55 Blast Furnace
41:10 Chain Mail Armor
41:16 Chain Barding Armor
46:25 Cavalier
47:40 Plate Mail Armor
47:10 Padded Archer Armor
47:00 Fletching
52:02 Onager
52:04 Capped Ram
52:45 Bodkin Arrow
53:05 Leather Archer Armor
52:13 Elite Obuch
932618016
0:47 Loom
13:35 Feudal Age
14:39 Double-Bit Axe
14:43 Horse Collar
15:06 Gold Mining
16:42 Stone Mining
20:31 Arson
21:49 Wheelbarrow
21:47 Padded Archer Armor
21:47 Scale Mail Armor
21:59 Forging
21:42 Fletching
23:19 Town Watch
26:56 Castle Age
25:30 Forging
32:01 Bow Saw
31:55 Heavy Plow
32:32 Gold Shaft Mining
32:33 Stone Shaft Mining
32:35 Leather Archer Armor
32:35 Chain Mail Armor
32:56 Iron Casting
32:16 Bodkin Arrow
34:21 Thumb Ring
33:39 Crossbowman
35:47 Bodkin Arrow
37:15 Masonry
37:26 Ballistics
37:34 Hand Cart
37:29 Squires
44:40 Imperial Age
45:37 Elite Chu Ko Nu
46:46 Conscription
47:48 Bracer
48:19 Ring Archer Armor
48:21 Plate Mail Armor
49:08 Blast Furnace
50:21 Architecture
51:49 Chemistry
TripleT
9:29 Feudal Age
10:03 Double-Bit Axe
9:59 Horse Collar
10:31 Gold Mining
10:55 Stone Mining
18:17 Castle Age
17:51 Scale Barding Armor
18:53 Bloodlines
19:40 Bow Saw
20:07 Gold Shaft Mining
20:08 Heavy Plow
21:49 Stone Shaft Mining
22:57 Wheelbarrow
24:23 Loom
26:13 Hand Cart
27:19 Husbandry
27:43 Forging
28:21 Chain Barding Armor
30:49 Imperial Age
29:45 Iron Casting
29:36 Town Watch
32:30 Blast Furnace
33:47 Chemistry
33:15 Ballistics
33:21 Conscription
32:51 Elite Tiger Cavalry
33:51 Tuntian
45:50 Fletching
46:01 Padded Archer Armor
47:04 Parthian Tactics
46:49 Thumb Ring
46:47 Bodkin Arrow
47:57 Bracer
48:13 Leather Archer Armor
oguayd
11:02 Feudal Age
9:17 Loom
12:29 Wheelbarrow
13:02 Double-Bit Axe
15:56 Gold Mining
21:47 Castle Age
21:55 Arson
22:47 Hand Cart
28:00 Bow Saw
27:52 Stone Mining
29:22 Caravan
30:09 Gold Shaft Mining
36:53 Forging
36:33 Fletching
36:44 Padded Archer Armor
36:45 Scale Mail Armor
36:50 Scale Barding Armor
39:26 Imperial Age
37:58 #83
38:04 Husbandry
38:03 Bodkin Arrow
38:44 Iron Casting
39:21 Ballistics
39:12 Masonry
41:41 Chemistry
41:04 Chain Barding Armor
41:14 Chivalry
41:35 Conscription
41:51 Hoardings
40:46 Cavalier
48:15 Plate Barding Armor
47:57 Chain Mail Armor
47:58 Leather Archer Armor
48:43 Blast Furnace
49:23 Light Cavalry
51:40 Coinage
55:12 Banking
56:05 Paladin
58:01 Plate Mail Armor
ozgurulas90
13:34 Feudal Age
18:16 Castle Age
16:44 Horse Collar
16:57 Double-Bit Axe
20:04 Bow Saw
20:31 Heavy Plow
23:32 Treadmill Crane
24:15 Ballistics
24:26 Forging
24:17 Scale Mail Armor
24:23 Scale Barding Armor
24:19 Padded Archer Armor
24:09 Fletching
26:03 Fortified Wall
25:49 Murder Holes
30:51 Imperial Age
28:30 Gold Mining
28:39 Stone Mining
30:53 Gold Shaft Mining
30:54 Stone Shaft Mining
31:03 Iron Casting
31:05 Fervor
36:18 Chemistry
35:12 Guard Tower
35:50 Pikeman
36:31 Squires
39:58 Leather Archer Armor
39:39 Bodkin Arrow
39:59 Chain Mail Armor
40:05 Chain Barding Armor
39:28 Elite Skirmisher
44:01 Halberdier
47:03 Theocracy
46:47 Redemption
47:36 Plate Mail Armor
47:42 Plate Barding Armor
47:37 Ring Archer Armor
47:08 Bracer
49:18 Bombard Tower
54:50 Conscription
53:51 Elite Cataphract
54:41 Logistica
54:32 Greek Fire
55:08 Hoardings
BLYAAAT
6:02 Loom
6:16 Loom
10:39 Feudal Age
10:25 Loom
11:45 Horse Collar
11:51 Double-Bit Axe
21:53 Castle Age
20:35 Stone Mining
21:40 Scale Barding Armor
25:00 Forging
24:55 Gold Mining
25:36 Bow Saw
26:06 Husbandry
26:16 Bloodlines
29:37 Heavy Plow
32:25 Chain Barding Armor
32:58 Iron Casting
32:48 Caravan
35:05 Gold Shaft Mining
38:52 Imperial Age
38:54 Elite Mameluke
39:55 Conscription
41:11 Plate Barding Armor
42:20 Blast Furnace
41:43 Ballistics
42:24 Chemistry
Connection lost

Rejoining the realm…

Still unreachable

The connection could not be restored.

Session expired

The server has moved on; the page needs a fresh start.